 Dungeon Crawl Stone Soup version 0.26.1-11-gd32895ea62 (webtiles) character file.

Game seed: 15668640612643710302

39 Zeld the Twirler (level 3, 0/24 HPs)
             Began as an Octopode Gladiator on May 18, 2021.
             Slain by Terence
             ... wielding a +0 short sword
              (1 damage)
             ... on level 1 of the Dungeon.
             The game lasted 00:02:40 (1287 turns).

Zeld the Twirler (Octopode Gladiator)               Turns: 1287, Time: 00:02:41

Health: 0/24       AC:  1    Str: 13    XL:     3   Next: 45%
Magic:  3/3        EV: 14    Int: 10    God:
Gold:   26         SH:  0    Dex: 14    Spells: 2/2 levels left

rFire    . . .     SeeInvis .   a - +0 quarterstaff
rCold    . . .     Faith    .   (shield currently unavailable)
rNeg     . . .     Spirit   .   b - +0 hat
rPois    .         Reflect  .   (no amulet)
rElec    .         Harm     .   (no ring)
rCorr    .         Rampage  .   (no ring)
Will     .....                  (no ring)
Stlth    ++........             (no ring)
HPRegen  0.08/turn              (no ring)
MPRegen  0.08/turn              (no ring)
                                (no ring)
                                (no ring)

@: no status effects
A: almost no armour, stealthy swim, amphibious, 8 rings, constrict 8, camouflage
1, gelatinous body 1
a: no special abilities


You were on level 1 of the Dungeon.
You visited 1 branch of the dungeon, and saw 2 of its levels.

You collected 26 gold pieces.

Inventory:

Hand Weapons
 a - a +0 quarterstaff (weapon)
Missiles
 c - 3 throwing nets
 f - 20 poisoned darts (quivered)
Armour
 b - a +0 hat (worn)
Scrolls
 d - 2 scrolls of teleportation {unknown}
 e - 2 scrolls of remove curse {unknown}
 h - 2 scrolls of identify {unknown}
 i - 4 scrolls of amnesia {unknown}
Potions
 g - 2 potions of invisibility {unknown}


   Skills:
 - Level 2.0 Fighting
 * Level 3.7 Staves
 * Level 3.0 Throwing
 - Level 3.0 Dodging


You had 2 spell levels left.
You didn't know any spells.
Your spell library was empty.

Dungeon Overview and Level Annotations

Branches:
Dungeon (2/15)

Altars:

Annotations:
D:1 Terence


Innate Abilities, Weirdness & Mutations

You cannot wear most types of armour.
You are very stealthy in the water. (Stealth+)
You are amphibious.
You can wear up to eight rings at the same time.
You can use your tentacles to constrict eight enemies at once.
Your skin changes colour to match your surroundings (Stealth+).
Your rubbery body absorbs attacks. (AC +1, EV +1)


Message History

Terence is heavily wounded.
You constrict Terence, but do no damage.
Terence hits you but does no damage.
You hit Terence but do no damage. You squeeze Terence, but do no damage.
Terence is heavily wounded.
You constrict Terence. Terence hits you with a +0 short sword.
* * * LOW HITPOINT WARNING * * *
You hit Terence.
Terence is severely wounded.
You constrict Terence, but do no damage.
Terence barely misses you.
You hit Terence but do no damage. You squeeze Terence.
Terence is severely wounded.
You constrict Terence. Terence hits you but does no damage.
You hit Terence but do no damage. You squeeze Terence, but do no damage.
Terence is almost dead.
You constrict Terence, but do no damage.
Terence bares his teeth.
Terence hits you with a +0 short sword.
You die...

##### #####
....#############...#
....................#
######.#.########...#
#.#.#########.##
#...((((..@@..# ###
#.#.########..#
..####.#.# #..#
#......#.# #..#
########.# #..# #.#
#..# #.# #..# #.#
#..# #.# #..#


You could see Terence.

Vanquished Creatures
  A gnoll (D:1)
  A worm (D:2)
  A dart slug (D:1)
  A giant cockroach (D:2)
  2 goblins (D:1)
  6 hobgoblins
  3 kobolds
  2 bats (D:1)
  2 frilled lizards (D:1)
  4 rats (D:1)
23 creatures vanquished.

Notes
Turn   | Place    | Note
-------+----------+-------------------------------------------
     0 | D:1      | Zeld the Octopode Gladiator began the quest for the Orb.
     0 | D:1      | Reached XP level 1. HP: 14/14 MP: 1/1
     1 | D:1      | Noticed an electric eel
    32 | D:1      | Reached XP level 2. HP: 12/19 MP: 2/2
   625 | D:1      | Reached XP level 3. HP: 24/24 MP: 3/3
   970 | D:2      | Noticed Terence
  1284 | D:1      | HP: 1/24 [Terence/+0 short sword (6)]
  1287 | D:1      | Slain by Terence

Illustrated notes

Levels and vault maps discovered:
D:1:      arrival_aquarium_a, layout_loops_ring
D:2:      layout_rooms, lemuel_coloured_pillars_altar, old_standard_altar,
          nicolae_ashenzari_panopticon, uniq_terence, uniq_natasha

Skill      XL: |  1  2  3 |
---------------+----------+-----
Throwing       | 3 |  3.0
Fighting       | |  2.0
Staves         | |  3.7
Dodging        | |  3.0

Action                   || total
-------------------------++-------
Melee: Quarterstaff      ||    43
       Constrict         ||    14
       Tentacles         ||    10
 Stab: Sleeping          ||     7
Armor: Skin              ||     6
Dodge: Dodged            ||    19
